[Event "19th IPCA WCC 2019"]
[Site "Ruzomberok"]
[Date "2019.06.28"]
[Round "1.1"]
[White "Yarmonov, Igor"]
[Black "Jennitha, Anto K."]
[Result "1-0"]
[ECO "D00"]
[WhiteElo "2389"]
[BlackElo "1972"]
[Annotator "NA"]
[PlyCount "99"]
[EventDate "2019.06.28"]
[EventType "swiss"]
[EventCountry "SVK"]
[SourceTitle "playchess.com"]
[Source "ChessBase"]
[SourceQuality "1"]
[TimeControl "5400+30"]

1. d4 d5 2. Bf4 Nf6 3. e3 e6 4. Nd2 Bd6 5. c3 O-O 6. Bd3 c5 7. Bxd6 Qxd6 8. Ngf3 Nc6 9. O-O Rd8 10. a3 e5 11. dxe5 Nxe5 12. Nxe5 Qxe5 13. Qf3 Bg4 14. Qg3 Qxg3 15. hxg3 b6 16. f3 Be6 17. Kf2 h6 18. Rh1 Kf8 19. g4 Ke7 20. Rad1 Rac8 21. Nf1 d4 22. cxd4 cxd4 23. e4 Nd7 24. Ng3 Ne5 25. Ke2 Nxd3 26. Kxd3 Bc4+ 27. Kd2 g6 28. Rc1 Bb3 29. Ne2 Bc4 30. Nf4 Kf6 31. g3 Kg7 32. Nd3 b5 33. Rc2 Bxd3 34. Kxd3 Rxc2 35. Kxc2 Rc8+ 36. Kd3 Rc4 37. Rh2 Kf6 38. f4 Ke6 39. Rc2 Rxc2 40. Kxc2 f5 41. gxf5+ gxf5 42. Kd3 fxe4+ 43. Kxe4 d3 44. Kxd3 Kf5 45. Ke3 h5 46. Kf3 a5 47. b4 a4 48. g4+ hxg4+ 49. Kg3 Kf6 50. Kxg4 1-0

[Event "19th IPCA WCC 2019"]
[Site "Ruzomberok"]
[Date "2019.06.28"]
[Round "1.2"]
[White "Tsapalin, Sergey"]
[Black "Obodchuk, Andrei"]
[Result "0-1"]
[ECO "A20"]
[WhiteElo "1935"]
[BlackElo "2316"]
[Annotator "NA"]
[PlyCount "76"]
[EventDate "2019.06.28"]
[EventType "swiss"]
[EventCountry "SVK"]
[SourceTitle "playchess.com"]
[Source "ChessBase"]
[SourceQuality "1"]
[TimeControl "5400+30"]

1. c4 e5 2. g3 c6 3. d4 e4 4. Nc3 d5 5. h4 Na6 6. cxd5 cxd5 7. Qb3 Nc7 8. Nh3 Bd6 9. Nf4 Nf6 10. Bd2 O-O 11. Bh3 Bxh3 12. Rxh3 Qd7 13. Rh1 b5 14. Ncxd5 Nfxd5 15. Nxd5 Nxd5 16. Qxd5 e3 17. O-O-O exd2+ 18. Rxd2 Rfd8 19. Kb1 Qg4 20. Rc2 Bf8 21. Qxb5 Qxd4 22. e3 Qe4 23. Rhc1 g6 24. Qc6 Qe5 25. Qc3 Qf5 26. Qe1 Re8 27. Ka1 Rab8 28. Qe2 Bg7 29. g4 Qe4 30. h5 g5 31. h6 Bxh6 32. Rc4 Qe6 33. Rc6 Rec8 34. Rxc8+ Rxc8 35. Rxc8+ Qxc8 36. Kb1 Bg7 37. f3 Qb8 38. b3 Qe5 0-1

[Event "19th IPCA WCC 2019"]
[Site "Ruzomberok"]
[Date "2019.06.28"]
[Round "1.3"]
[White "Gurbanov, Andrei"]
[Black "Gerasimova, Svetlana"]
[Result "1-0"]
[ECO "A43"]
[WhiteElo "2300"]
[BlackElo "1913"]
[Annotator "NA"]
[PlyCount "36"]
[EventDate "2019.06.28"]
[EventType "swiss"]
[EventCountry "SVK"]
[SourceTitle "playchess.com"]
[Source "ChessBase"]
[SourceQuality "1"]
[TimeControl "5400+30"]

1. d4 c5 2. d5 g6 3. e4 Bg7 4. h4 d6 5. h5 Nf6 6. h6 Bf8 7. Nc3 a6 8. a4 Qa5 9. Bd2 Qb4 10. Bd3 Qb6 11. a5 Qc7 12. Na4 Nbd7 13. Bc3 b5 14. axb6 Nxb6 15. Nxb6 Qxb6 16. Qf3 Qd8 17. e5 dxe5 18. Bxe5 Qxd5 1-0

[Event "19th IPCA WCC 2019"]
[Site "Ruzomberok"]
[Date "2019.06.28"]
[Round "1.4"]
[White "Alekseev, Mikhail"]
[Black "Nowak, Lukasz"]
[Result "0-1"]
[ECO "B22"]
[WhiteElo "1869"]
[BlackElo "2267"]
[Annotator "NA"]
[PlyCount "71"]
[EventDate "2019.06.28"]
[EventType "swiss"]
[EventCountry "SVK"]
[SourceTitle "playchess.com"]
[Source "ChessBase"]
[SourceQuality "1"]
[TimeControl "5400+30"]

1. e4 c5 2. c3 Nf6 3. e5 Nd5 4. d4 cxd4 5. Nf3 Nc6 6. cxd4 d6 7. Nc3 dxe5 8. dxe5 Nxc3 9. Qxd8+ Nxd8 10. bxc3 Bd7 11. Be3 e6 12. Rd1 Rc8 13. Bd4 Nc6 14. Rb1 Nxd4 15. Nxd4 b6 16. Nb5 a6 17. Nd4 b5 18. a4 Rxc3 19. axb5 Bc5 20. Nf3 a5 21. Be2 Ke7 22. O-O Rb8 23. h3 Bb4 24. Nd4 Rc5 25. f4 g5 26. Nb3 Rcc8 27. Kh1 Bc3 28. fxg5 Bxb5 29. Bxb5 Rxb5 30. Rf3 a4 31. Nd2 Rxb1+ 32. Nxb1 Bxe5 33. Rf1 Bb2 34. Nd2 a3 35. Nb3 a2 36. Rf2 0-1

[Event "19th IPCA WCC 2019"]
[Site "Ruzomberok"]
[Date "2019.06.28"]
[Round "1.5"]
[White "Babula, Milan"]
[Black "Belak, Stefan"]
[Result "1-0"]
[ECO "C03"]
[WhiteElo "2220"]
[BlackElo "1851"]
[Annotator "NA"]
[PlyCount "91"]
[EventDate "2019.06.28"]
[EventType "swiss"]
[EventCountry "SVK"]
[SourceTitle "playchess.com"]
[Source "ChessBase"]
[SourceQuality "1"]
[TimeControl "5400+30"]

1. e4 e6 2. d4 d5 3. Nd2 h6 4. Ngf3 Nf6 5. Bd3 c5 6. e5 Nfd7 7. c3 Nc6 8. O-O cxd4 9. cxd4 Qb6 10. Nb3 a5 11. a4 Ndb8 12. Bb5 Bd7 13. Bd2 Nb4 14. Bxd7+ Nxd7 15. Nc1 Be7 16. Ne2 Rc8 17. Nc3 O-O 18. Nb5 Rc6 19. Bc3 Nb8 20. Nd2 N8a6 21. Nb3 Nc7 22. Qe2 Ra8 23. Nxc7 Qxc7 24. g4 b6 25. f4 Rc8 26. Rf3 Qd8 27. f5 Bg5 28. Raf1 Na2 29. Qe1 Nxc3 30. bxc3 Bh4 31. Qb1 Rxc3 32. fxe6 fxe6 33. Qg6 Rxf3 34. Qxe6+ Kh8 35. Rxf3 Rc2 36. Qg6 Re2 37. Qd3 Re4 38. h3 Bg5 39. Qc2 Qe8 40. Kg2 Qg6 41. Qc8+ Kh7 42. Rf8 Re2+ 43. Kf1 Re1+ 44. Kxe1 Bh4+ 45. Kd2 Qg5+ 46. Kc2 1-0

[Event "19th IPCA WCC 2019"]
[Site "Ruzomberok"]
[Date "2019.06.28"]
[Round "1.6"]
[White "Matana, Zoran"]
[Black "Palin, Denis"]
[Result "0-1"]
[ECO "D32"]
[WhiteElo "1818"]
[BlackElo "2180"]
[Annotator "NA"]
[PlyCount "78"]
[EventDate "2019.06.28"]
[EventType "swiss"]
[EventCountry "SVK"]
[SourceTitle "playchess.com"]
[Source "ChessBase"]
[SourceQuality "1"]
[TimeControl "5400+30"]

1. d4 e6 2. c4 d5 3. Nc3 c5 4. Nf3 Nc6 5. Bg5 f6 6. Bc1 dxc4 7. e3 Na5 8. Bd2 a6 9. Ne4 b5 10. Be2 cxd4 11. exd4 Ne7 12. O-O Nf5 13. Ng3 Nxg3 14. hxg3 Nc6 15. Be3 Bb7 16. Nh4 Be7 17. Bh5+ g6 18. Be2 f5 19. Nf3 Bf6 20. Qd2 Qd5 21. Rfd1 O-O 22. Ne1 Rad8 23. Bf3 Qd7 24. d5 Ne5 25. Bb6 Rb8 26. Bc5 Rfc8 27. Ba7 Ra8 28. Bd4 Nxf3+ 29. Nxf3 Bxd4 30. Qxd4 Bxd5 31. Ne5 Qb7 32. Qe3 Rd8 33. g4 Qg7 34. f3 fxg4 35. fxg4 Rf8 36. Kh2 g5 37. Kg3 Rf4 38. Nf3 Raf8 39. Rd2 Qh6 0-1

[Event "19th IPCA WCC 2019"]
[Site "Ruzomberok"]
[Date "2019.06.28"]
[Round "1.7"]
[White "Shashikant, Kutwal"]
[Black "Roehrig, Uwe"]
[Result "1-0"]
[ECO "C11"]
[WhiteElo "2176"]
[BlackElo "1802"]
[Annotator "NA"]
[PlyCount "33"]
[EventDate "2019.06.28"]
[EventType "swiss"]
[EventCountry "SVK"]
[SourceTitle "playchess.com"]
[Source "ChessBase"]
[SourceQuality "1"]
[TimeControl "5400+30"]

1. e4 e6 2. d4 d5 3. Nc3 Nf6 4. e5 Nfd7 5. f4 a6 6. Nf3 c5 7. Be3 Nc6 8. Be2 Qb6 9. Na4 Qa5+ 10. c3 cxd4 11. b4 Qc7 12. Nxd4 Be7 13. O-O O-O 14. Bd3 f5 15. Nxe6 Qb8 16. Nxf8 Bxf8 17. Bxf5 1-0

[Event "19th IPCA WCC 2019"]
[Site "Ruzomberok"]
[Date "2019.06.28"]
[Round "1.8"]
[White "Kaydanovich, Marina"]
[Black "Juvan, Jaka"]
[Result "0-1"]
[ECO "E46"]
[WhiteElo "1760"]
[BlackElo "2168"]
[Annotator "NA"]
[PlyCount "58"]
[EventDate "2019.06.28"]
[EventType "swiss"]
[EventCountry "SVK"]
[SourceTitle "playchess.com"]
[Source "ChessBase"]
[SourceQuality "1"]
[TimeControl "5400+30"]

1. d4 Nf6 2. c4 e6 3. Nc3 Bb4 4. e3 O-O 5. Nge2 Re8 6. a3 Bf8 7. Ng3 d5 8. Be2 b6 9. O-O Ba6 10. b3 c5 11. Re1 dxc4 12. bxc4 Nc6 13. Bf3 Rc8 14. Nb5 cxd4 15. exd4 Bxb5 16. cxb5 Nxd4 17. Rb1 Nc2 18. Bc6 Nxe1 19. Qxe1 Qd3 20. Bb2 Red8 21. Bxf6 gxf6 22. Ne4 f5 23. Nf6+ Kh8 24. Nh5 Qd4 25. g3 Bxa3 26. Kg2 a6 27. Bb7 Rc2 28. bxa6 Bc5 29. a7 Qxf2+ 0-1

[Event "19th IPCA WCC 2019"]
[Site "Ruzomberok"]
[Date "2019.06.28"]
[Round "1.9"]
[White "Tersinsev, Andrey"]
[Black "Korber, Antonin"]
[Result "1-0"]
[ECO "A40"]
[WhiteElo "2164"]
[BlackElo "1759"]
[Annotator "NA"]
[PlyCount "47"]
[EventDate "2019.06.28"]
[EventType "swiss"]
[EventCountry "SVK"]
[SourceTitle "playchess.com"]
[Source "ChessBase"]
[SourceQuality "1"]
[TimeControl "5400+30"]

1. d4 e6 2. Bf4 b6 3. e3 Bb7 4. c4 Nf6 5. Nc3 Bb4 6. a3 Bxc3+ 7. bxc3 O-O 8. Nf3 Nh5 9. Bg3 d6 10. Bh4 Qe8 11. Bd3 f5 12. O-O h6 13. Be2 Nf6 14. Bxf6 Rxf6 15. Nd2 Nd7 16. Bf3 Bxf3 17. Qxf3 Nf8 18. e4 Ng6 19. exf5 Rxf5 20. Qe4 d5 21. cxd5 Rxd5 22. Rfe1 Rd6 23. Nc4 Rc6 24. d5 1-0

[Event "19th IPCA WCC 2019"]
[Site "Ruzomberok"]
[Date "2019.06.28"]
[Round "1.10"]
[White "Felegyi, Karoly"]
[Black "Gedgafov, Chamal"]
[Result "0-1"]
[ECO "B43"]
[WhiteElo "1674"]
[BlackElo "2163"]
[Annotator "NA"]
[PlyCount "58"]
[EventDate "2019.06.28"]
[EventType "swiss"]
[EventCountry "SVK"]
[SourceTitle "playchess.com"]
[Source "ChessBase"]
[SourceQuality "1"]
[TimeControl "5400+30"]

1. e4 c5 2. Nf3 e6 3. Nc3 a6 4. d4 cxd4 5. Nxd4 Qc7 6. a3 Nf6 7. Bd3 Nc6 8. Nxc6 bxc6 9. O-O Bc5 10. Kh1 h5 11. f4 Ng4 12. Qf3 d5 13. Bd2 Rb8 14. b4 Ba7 15. Rae1 Kf8 16. Nd1 g6 17. Ne3 f5 18. e5 a5 19. Nxg4 hxg4 20. Qg3 Qd8 21. Be3 d4 22. Bd2 c5 23. b5 Bb7 24. Kg1 Bd5 25. c3 c4 26. a4 cxd3 27. Qxd3 dxc3+ 28. Be3 Rxh2 29. g3 Rg2+ 0-1

[Event "19th IPCA WCC 2019"]
[Site "Ruzomberok"]
[Date "2019.06.28"]
[Round "1.11"]
[White "Mukha, Nikolay"]
[Black "Pilimon, Zbigniew"]
[Result "1-0"]
[ECO "D34"]
[WhiteElo "2159"]
[BlackElo "1670"]
[Annotator "NA"]
[PlyCount "75"]
[EventDate "2019.06.28"]
[EventType "swiss"]
[EventCountry "SVK"]
[SourceTitle "playchess.com"]
[Source "ChessBase"]
[SourceQuality "1"]
[TimeControl "5400+30"]

1. c4 c5 2. g3 e6 3. Nf3 Nf6 4. Bg2 Be7 5. O-O O-O 6. Nc3 d5 7. cxd5 exd5 8. d4 Nc6 9. Bg5 b6 10. dxc5 bxc5 11. Bxf6 Bxf6 12. Qxd5 Qxd5 13. Nxd5 Bxb2 14. Rab1 Rb8 15. Nd2 Ba6 16. Nb3 Bd4 17. Nc7 Bxe2 18. Bxc6 Bxf1 19. Rxf1 Rbc8 20. Nd5 Rcd8 21. Rc1 Rd6 22. Ne7+ Kh8 23. Bb5 g6 24. Nxc5 f5 25. Nb3 Bb6 26. Nc8 Rd5 27. a4 f4 28. Nxb6 axb6 29. Rc2 Kg7 30. Nd2 h5 31. Kg2 Rc5 32. Rxc5 bxc5 33. gxf4 Rxf4 34. Nc4 Kf6 35. a5 Ke6 36. a6 Rf7 37. Bc6 Rc7 38. Bb7 {[%emt 0:00:24] Kd5} 1-0

[Event "19th IPCA WCC 2019"]
[Site "Ruzomberok"]
[Date "2019.06.28"]
[Round "1.12"]
[White "Zicho, Anton"]
[Black "Glazar, Domagoj"]
[Result "0-1"]
[ECO "A05"]
[WhiteElo "1662"]
[BlackElo "2153"]
[Annotator "NA"]
[PlyCount "48"]
[EventDate "2019.06.28"]
[EventType "swiss"]
[EventCountry "SVK"]
[SourceTitle "playchess.com"]
[Source "ChessBase"]
[SourceQuality "1"]
[TimeControl "5400+30"]

1. Nf3 Nf6 2. d4 c5 3. Bf4 cxd4 4. Nxd4 e5 5. Nb5 exf4 6. Nd6+ Bxd6 7. Qxd6 Qa5+ 8. Nc3 Ne4 9. Qd3 Nxc3 10. bxc3 O-O 11. g3 Na6 12. Bg2 Nc5 13. Qd4 d6 14. O-O fxg3 15. hxg3 Na4 16. Qxd6 Nxc3 17. Bf3 Bf5 18. Rfc1 Rad8 19. Qf4 Be4 20. Kg2 Bxf3+ 21. Qxf3 Qd5 22. e3 Qxf3+ 23. Kxf3 b5 24. a3 Rd2 0-1

[Event "19th IPCA WCC 2019"]
[Site "Ruzomberok"]
[Date "2019.06.28"]
[Round "1.13"]
[White "Valenta, Vit"]
[Black "Samarth J Rao"]
[Result "1-0"]
[ECO "C29"]
[WhiteElo "2147"]
[BlackElo "1593"]
[Annotator "NA"]
[PlyCount "103"]
[EventDate "2019.06.28"]
[EventType "swiss"]
[EventCountry "SVK"]
[SourceTitle "playchess.com"]
[Source "ChessBase"]
[SourceQuality "1"]
[TimeControl "5400+30"]

1. e4 e5 2. Nc3 Nf6 3. f4 d5 4. fxe5 Nxe4 5. d3 Qh4+ 6. g3 Nxg3 7. Nf3 Qh5 8. Nxd5 Bg4 9. Bg2 Bxf3 10. Qxf3 Qxe5+ 11. Qe3 Qxe3+ 12. Bxe3 Nf5 13. Nxc7+ Kd8 14. Bf4 Bd6 15. Bxd6 Nxd6 16. Nxa8 Nc6 17. c4 f5 18. Kd2 Kd7 19. Rhf1 g6 20. b4 Rxa8 21. b5 Nd4 22. Rae1 Ne6 23. Re5 Re8 24. Rfe1 Nf7 25. Rd5+ Kc7 26. c5 Nfd8 27. b6+ axb6 28. cxb6+ Kc8 29. Rd6 Ng7 30. Rc1+ Kb8 31. Rc7 Nge6 32. Rxh7 g5 33. Rdd7 Nf8 34. Rhe7 Nxd7 35. Rxe8 Kc8 36. Bxb7+ Kxb7 37. Rxd8 Nxb6 38. Rf8 Nd7 39. Rxf5 g4 40. Rg5 Nf6 41. Rg6 Nd5 42. Rxg4 Kc6 43. h4 Kd6 44. h5 Ke7 45. h6 Nf6 46. Rg7+ Kf8 47. a4 Ne8 48. Ra7 Nf6 49. h7 Nxh7 50. Rxh7 Ke8 51. a5 Kd8 52. a6 1-0

[Event "19th IPCA WCC 2019"]
[Site "Ruzomberok"]
[Date "2019.06.28"]
[Round "1.14"]
[White "Engel, Katalin"]
[Black "Wielecki, Zygmunt"]
[Result "0-1"]
[ECO "E61"]
[WhiteElo "1537"]
[BlackElo "2145"]
[Annotator "NA"]
[PlyCount "60"]
[EventDate "2019.06.28"]
[EventType "swiss"]
[EventCountry "SVK"]
[SourceTitle "playchess.com"]
[Source "ChessBase"]
[SourceQuality "1"]
[TimeControl "5400+30"]

1. d4 Nf6 2. c4 g6 3. Nc3 Bg7 4. Nf3 d6 5. e3 O-O 6. Be2 Nbd7 7. O-O e5 8. Rb1 e4 9. Nd2 Re8 10. Qc2 Qe7 11. b4 Nf8 12. d5 Bf5 13. b5 h5 14. a4 N8h7 15. Nb3 Ng5 16. Nd4 Ng4 17. Nxf5 gxf5 18. Bb2 Be5 19. Bxg4 hxg4 20. Ne2 Bxh2+ 21. Kxh2 Nf3+ 22. gxf3 Qh4+ 23. Kg1 gxf3 24. Nf4 Kh7 25. Qc3 Rg8+ 26. Qg7+ Rxg7+ 27. Bxg7 Rg8 28. Rfc1 Rxg7+ 29. Ng2 Rxg2+ 30. Kf1 Qh1# 0-1

[Event "19th IPCA WCC 2019"]
[Site "Ruzomberok"]
[Date "2019.06.28"]
[Round "1.16"]
[White "Frumin, Rebeka"]
[Black "Tebenkov, Vladislav"]
[Result "0-1"]
[ECO "C44"]
[WhiteElo "1398"]
[BlackElo "2096"]
[Annotator "NA"]
[PlyCount "102"]
[EventDate "2019.06.28"]
[EventType "swiss"]
[EventCountry "SVK"]
[SourceTitle "playchess.com"]
[Source "ChessBase"]
[SourceQuality "1"]
[TimeControl "5400+30"]

1. e4 e5 2. Nf3 Nc6 3. d4 exd4 4. Nxd4 Nf6 5. Nc3 Bb4 6. Nxc6 bxc6 7. Bd3 O-O 8. O-O d5 9. exd5 cxd5 10. Bg5 c6 11. Ne2 Bg4 12. h3 Bh5 13. c3 Be7 14. Qc2 Bg6 15. Nf4 Bxd3 16. Qxd3 Ne4 17. Bxe7 Qxe7 18. Rfe1 Qf6 19. Qf3 Rab8 20. Re2 Rb7 21. Nh5 Qxf3 22. gxf3 Ng5 23. Kg2 Ne6 24. Kg3 Rfb8 25. Rb1 a5 26. a4 g6 27. Nf4 Nc5 28. b3 Rxb3 29. Rxb3 Rxb3 30. Re8+ Kg7 31. Ra8 Nxa4 32. Rxa5 Nxc3 33. Kg2 Nb5 34. Ra6 Rc3 35. Rb6 Nd4 36. Rb4 Nxf3 37. Ne2 Ra3 38. Rb6 c5 39. Rb5 Ne1+ 40. Kh2 Nd3 41. Kg2 d4 42. Kf1 Ra1+ 43. Kg2 Re1 44. Ng3 c4 45. Rb6 c3 46. Rc6 Nb4 47. Rc4 c2 48. Rxb4 c1=Q 49. Rxd4 Rg1+ 50. Kh2 Rxg3 51. Kxg3 Qc3+ 0-1

[Event "19th IPCA WCC 2019"]
[Site "Ruzomberok"]
[Date "2019.06.28"]
[Round "1.17"]
[White "Lipilin, Ilia"]
[Black "Pamarthi Audietya Aazadh"]
[Result "1-0"]
[ECO "A02"]
[WhiteElo "2084"]
[BlackElo "1346"]
[Annotator "NA"]
[PlyCount "97"]
[EventDate "2019.06.28"]
[EventType "swiss"]
[EventCountry "SVK"]
[SourceTitle "playchess.com"]
[Source "ChessBase"]
[SourceQuality "1"]
[TimeControl "5400+30"]

1. f4 Nc6 2. Nf3 d6 3. Nc3 Nf6 4. g3 g6 5. Bg2 Bg7 6. e4 e5 7. d3 Bg4 8. O-O O-O 9. Be3 Nd4 10. Qd2 Bxf3 11. Bxf3 c5 12. Kh1 Nd7 13. Bg2 f6 14. Bh3 Rb8 15. Bxd7 Qxd7 16. Bxd4 exd4 17. Nd1 b5 18. a4 a6 19. Qa5 Qb7 20. axb5 axb5 21. Qa6 Rfd8 22. Nf2 Rd7 23. Kg2 h5 24. Qxb7 Rdxb7 25. Ra6 Bf8 26. Rfa1 b4 27. b3 Re8 28. Kf3 Rf7 29. Ra7 f5 30. Rxf7 Kxf7 31. h3 Be7 32. Ra7 Kf6 33. g4 hxg4+ 34. hxg4 Bf8 35. Nh3 Re7 36. Ra8 fxe4+ 37. dxe4 Kg7 38. Ng5 Kg8 39. f5 gxf5 40. gxf5 Rg7 41. Ne6 Rf7 42. Rc8 Rf6 43. Kf4 Rh6 44. Rxf8+ Kh7 45. Ng5+ Kg7 46. Rf7+ Kg8 47. Rc7 Rh2 48. Kg3 Rxc2 49. f6 1-0

[Event "19th IPCA WCC 2019"]
[Site "Ruzomberok"]
[Date "2019.06.28"]
[Round "1.18"]
[White "Sovietova, Kateryna"]
[Black "Kovacevic, Krsto"]
[Result "0-1"]
[ECO "A45"]
[WhiteElo "1279"]
[BlackElo "2049"]
[Annotator "NA"]
[PlyCount "84"]
[EventDate "2019.06.28"]
[EventType "swiss"]
[EventCountry "SVK"]
[SourceTitle "playchess.com"]
[Source "ChessBase"]
[SourceQuality "1"]
[TimeControl "5400+30"]

1. d4 Nf6 2. Bf4 d5 3. e3 e6 4. Nf3 c5 5. c3 Nc6 6. h3 Bd6 7. Bxd6 Qxd6 8. Bd3 O-O 9. O-O e5 10. dxe5 Nxe5 11. Nxe5 Qxe5 12. Nd2 Bd7 13. Re1 Bc6 14. Rc1 Rad8 15. b3 Rfe8 16. b4 b6 17. a4 Ne4 18. Qc2 Re6 19. Nxe4 dxe4 20. Be2 h5 21. b5 Bb7 22. Red1 Red6 23. Rxd6 Rxd6 24. Bc4 Bd5 25. Be2 h4 26. Rd1 Rg6 27. c4 Be6 28. Bg4 Qg5 29. Qxe4 Bxg4 30. hxg4 Qxg4 31. Qxg4 Rxg4 32. Kh2 Rxc4 33. Rd8+ Kh7 34. Rd7 Rxa4 35. Rxf7 Kg6 36. Rd7 Rb4 37. Rxa7 Rxb5 38. Ra4 Rb4 39. Ra3 Kf5 40. Kh3 g5 41. f3 c4 42. Ra5+ bxa5 0-1

[Event "19th IPCA WCC 2019"]
[Site "Ruzomberok"]
[Date "2019.06.28"]
[Round "1.19"]
[White "Sovetov, Oleksandr"]
[Black "Angappan A"]
[Result "1-0"]
[ECO "A06"]
[WhiteElo "2009"]
[BlackElo "1267"]
[Annotator "NA"]
[PlyCount "101"]
[EventDate "2019.06.28"]
[EventType "swiss"]
[EventCountry "SVK"]
[SourceTitle "playchess.com"]
[Source "ChessBase"]
[SourceQuality "1"]
[TimeControl "5400+30"]

1. Nf3 d5 2. g3 e6 3. Bg2 Nf6 4. O-O Be7 5. d4 b6 6. c4 Bb7 7. Nc3 O-O 8. Ne5 Nbd7 9. Qa4 c5 10. Nxd7 Qxd7 11. Qxd7 Nxd7 12. dxc5 Nxc5 13. cxd5 exd5 14. Nxd5 Bxd5 15. Bxd5 Rad8 16. Bf3 Bf6 17. Rb1 Na4 18. Bc6 Nc5 19. b3 Rd6 20. Bf3 Rfd8 21. Bf4 Rd4 22. Rbc1 Ne6 23. Be3 R4d6 24. Kg2 Bg5 25. Bxg5 Nxg5 26. Rc7 R6d7 27. Rfc1 Ne6 28. Rxd7 Rxd7 29. Bg4 Rc7 30. Rd1 Nf8 31. Rd2 g6 32. h4 h5 33. Bf3 Rd7 34. Rc2 Ne6 35. e3 Rc7 36. Rd2 Kf8 37. Kf1 Ke7 38. Ke2 Nc5 39. Bd5 Rd7 40. e4 Na6 41. a3 Nc5 42. b4 Na4 43. Rc2 b5 44. Bb3 Nb6 45. Rc5 a6 46. Rc6 Rd6 47. Rxd6 Kxd6 48. Bxf7 Nc4 49. Bxc4 bxc4 50. f4 Kc6 51. a4 {[%emt 0:00:05] Kd5} 1-0

[Event "19th IPCA WCC 2019"]
[Site "Ruzomberok"]
[Date "2019.06.28"]
[Round "1.20"]
[White "Wollner, Bohus"]
[Black "Jurkiewicz, Krzysztof"]
[Result "0-1"]
[ECO "E90"]
[WhiteElo "1222"]
[BlackElo "2275"]
[Annotator "NA"]
[PlyCount "52"]
[EventDate "2019.06.28"]
[EventType "swiss"]
[EventCountry "SVK"]
[SourceTitle "playchess.com"]
[Source "ChessBase"]
[SourceQuality "1"]
[TimeControl "5400+30"]

1. d4 Nf6 2. c4 g6 3. Nc3 Bg7 4. e4 d6 5. Nf3 O-O 6. Bg5 c5 7. d5 a6 8. Bxf6 Bxf6 9. Be2 e6 10. O-O exd5 11. exd5 Bf5 12. h3 Qd7 13. Bd3 g5 14. Bxf5 Qxf5 15. Re1 g4 16. hxg4 Qxg4 17. Ne4 Bg7 18. Qd3 Qg6 19. Rab1 Nd7 20. Kf1 Rfe8 21. Nfd2 Ne5 22. Qc2 Ng4 23. Kg1 Bd4 24. Re2 Re7 25. Rbe1 Rae8 26. Qd3 Qf5 0-1

[Event "19th IPCA WCC 2019"]
[Site "Ruzomberok"]
[Date "2019.06.28"]
[Round "1.21"]
[White "Zavarsky, Juraj"]
[Black "Kostova, Erika"]
[Result "1-0"]
[ECO "C10"]
[WhiteElo "2000"]
[BlackElo "1210"]
[Annotator "NA"]
[PlyCount "71"]
[EventDate "2019.06.28"]
[EventType "swiss"]
[EventCountry "SVK"]
[SourceTitle "playchess.com"]
[Source "ChessBase"]
[SourceQuality "1"]
[TimeControl "5400+30"]

1. e4 e6 2. d4 d5 3. Nc3 c5 4. exd5 exd5 5. Nf3 Nf6 6. Bb5+ Bd7 7. O-O Be7 8. dxc5 Bxb5 9. Nxb5 Qa5 10. Qe2 Ne4 11. Nd2 Nxc5 12. b4 Qb6 13. bxc5 Qxc5 14. Ba3 Qxa3 15. Nxa3 Nc6 16. Nf3 O-O 17. Nb5 Bd8 18. Nbd4 g6 19. Nxc6 bxc6 20. c4 Bf6 21. Rab1 Rfe8 22. Qd3 Rad8 23. Rfe1 Re4 24. Rxe4 dxe4 25. Qxd8+ Bxd8 26. Rb8 exf3 27. Rxd8+ Kg7 28. Rc8 fxg2 29. Rxc6 Kf8 30. Ra6 Ke8 31. Rxa7 h5 32. c5 f6 33. c6 Kd8 34. Rb7 h4 35. a4 h3 36. a5 1-0

[Event "19th IPCA WCC 2019"]
[Site "Ruzomberok"]
[Date "2019.06.29"]
[Round "2.1"]
[White "Wielecki, Zygmunt"]
[Black "Gurbanov, Andrei"]
[Result "0-1"]
[ECO "C70"]
[WhiteElo "2145"]
[BlackElo "2300"]
[Annotator "NA"]
[PlyCount "58"]
[EventDate "2019.06.28"]
[EventType "swiss"]
[EventCountry "SVK"]
[SourceTitle "playchess.com"]
[Source "ChessBase"]
[SourceQuality "1"]
[TimeControl "5400+30"]

1. e4 e5 2. Nf3 Nc6 3. Bb5 a6 4. Ba4 g6 5. O-O Bg7 6. c3 Nge7 7. d4 exd4 8. cxd4 b5 9. Bb3 Na5 10. Bc2 O-O 11. Qe1 Nc4 12. a4 bxa4 13. Rxa4 Nb6 14. Ra1 d6 15. h3 Re8 16. Qd1 Bb7 17. Re1 Nc6 18. Nc3 h6 19. Bb3 a5 20. Nd5 Nb4 21. Nxb4 axb4 22. Rxa8 Qxa8 23. d5 Re7 24. Qc2 c5 25. Bf4 Qd8 26. e5 Bxd5 27. Bxd5 Nxd5 28. Bg3 dxe5 29. Qxc5 f6 0-1

[Event "19th IPCA WCC 2019"]
[Site "Ruzomberok"]
[Date "2019.06.29"]
[Round "2.2"]
[White "Glazar, Domagoj"]
[Black "Yarmonov, Igor"]
[Result "0-1"]
[ECO "D20"]
[WhiteElo "2153"]
[BlackElo "2389"]
[Annotator "RC"]
[PlyCount "135"]
[EventDate "2019.06.28"]
[EventType "swiss"]
[EventCountry "SVK"]
[SourceTitle "playchess.com"]
[Source "ChessBase"]
[SourceQuality "1"]
[TimeControl "5400+30"]

1. d4 d5 2. c4 dxc4 3. Qa4+ c6 4. Qxc4 Nf6 5. Nf3 e6 6. e3 Be7 7. Be2 O-O 8. O-O Na6 9. Rd1 Qc7 10. a3 c5 11. dxc5 Nxc5 12. b4 Na6 13. Bb2 Qxc4 14. Bxc4 b6 15. Nc3 Nc7 16. Rac1 Bb7 17. Nb5 Nxb5 18. Bxb5 Rfd8 19. Nd4 Rac8 20. Rxc8 Rxc8 21. Rc1 Rxc1+ 22. Bxc1 a6 23. Bd3 g6 24. f3 e5 25. Nc2 e4 26. Be2 b5 27. Bb2 Nd7 28. Bd4 f5 29. Na1 Bd5 30. fxe4 Bxe4 31. Bf3 Bxf3 32. gxf3 Kf7 33. Kf2 Ke6 34. Ke2 g5 35. Nb3 h5 36. Bc3 Bd6 37. h3 Kd5 38. Nd2 Be5 39. e4+ fxe4 40. Nxe4 Bxc3 41. Nxc3+ Kd4 42. Kd2 Nb6 43. Ne2+ Ke5 44. Kc3 Nd5+ 45. Kd2 Nf4 46. Ng3 h4 47. Ne4 Nxh3 48. Ke3 Kd5 49. Nd2 Nf4 50. Kf2 Kd4 51. Nb3+ Kc4 52. Nd2+ Kc3 53. Ne4+ Kb3 54. Nc5+ Kxa3 55. Nxa6 Kb3 56. Kg1 Kc4 57. Kh2 Nd3 58. Nc7 Ne1 59. Kh3 Nxf3 60. Ne6 Kxb4 61. Kg4 Ne5+ 62. Kh3 Nf7 63. Kg4 Kc4 64. Ng7 b4 65. Nf5 Kd3 66. Ne7 b3 67. Nc6 b2 68. Nb4+ 0-1

[Event "19th IPCA WCC 2019"]
[Site "Ruzomberok"]
[Date "2019.06.29"]
[Round "2.3"]
[White "Obodchuk, Andrei"]
[Black "Valenta, Vit"]
[Result "1/2-1/2"]
[ECO "E81"]
[WhiteElo "2316"]
[BlackElo "2147"]
[Annotator "NA"]
[PlyCount "116"]
[EventDate "2019.06.28"]
[EventType "swiss"]
[EventCountry "SVK"]
[SourceTitle "playchess.com"]
[Source "ChessBase"]
[SourceQuality "1"]
[TimeControl "5400+30"]

1. d4 Nf6 2. c4 g6 3. Nc3 Bg7 4. e4 d6 5. f3 O-O 6. Be3 c6 7. Bd3 e5 8. d5 Nbd7 9. Nge2 Nc5 10. Bc2 cxd5 11. cxd5 b6 12. b4 Nb7 13. O-O Nh5 14. Qd2 f5 15. exf5 gxf5 16. f4 Bd7 17. fxe5 dxe5 18. g4 f4 19. gxh5 Qg5+ 20. Ng3 fxe3 21. Qd3 Qh6 22. Nce4 Rxf1+ 23. Rxf1 Rf8 24. Re1 Kh8 25. Qxe3 Qxe3+ 26. Rxe3 Rc8 27. Rc3 Rxc3 28. Nxc3 Bf8 29. a3 a5 30. bxa5 Nxa5 31. a4 Nc4 32. Nge4 Kg7 33. Bd3 Nd6 34. Ng3 Be7 35. Kf2 h6 36. Bb5 Nxb5 37. Nxb5 Bc5+ 38. Kf3 Be8 39. Nc3 Bd4 40. Nb5 Bc5 41. Ke4 Kf6 42. Kd3 Bg1 43. Ne4+ Ke7 44. d6+ Kd8 45. Nf6 Bc6 46. h3 Bh2 47. Kc4 Bf4 48. Nc3 Bg5 49. Ng4 Bf4 50. Nd5 Bxa4 51. Nxb6 Be8 52. Kd5 e4 53. d7 Bxd7 54. Nxd7 Kxd7 55. Kxe4 Bc1 56. Kf5 Ke7 57. Kg6 Kf8 58. Kh7 Bf4 1/2-1/2